Map: [ESL] Cosmic Sapphire

Players

MaxPax

  • Race: Protoss Protoss
  • League: Grandmaster
  • Spawn Location: 5:00

Reynor - Winner!

  • Race: Zerg Zerg
  • League: Master
  • Spawn Location: 11:00

VOD

Have the link to the VOD?

Description

Time

  • Played on: Nov. 4, 2022, 10:03 a.m.
  • Length: 9:47
Show
View Real Time Build Order
Export as new Build Order

MaxPax Protoss 

Build Orders: Mass Adepts 

Get SALT Encoding   

  12  0:00  Probe  
  13  0:12  Probe  
  14  0:20  Pylon  
  14  0:24  Probe  
  15  0:38  Probe (Chrono Boost)  
  15  0:40  Gateway  
  16  0:48  Probe (Chrono Boost)  
  16  0:49  Assimilator  
  17  0:53  Probe (Chrono Boost)  
  18  1:04  Probe  
  20  1:23  Pylon  
  19  1:25  Zealot (Chrono Boost)  
  19  1:26  Gateway  
  19  1:28  Cybernetics Core  
  19  1:29  Probe  
  22  1:41  Probe  
  22  1:44  Zealot (Chrono Boost)  
  25  1:53  Probe  
  26  2:01  Pylon  
  26  2:05  Warp Gate  
  26  2:06  Probe  
  27  2:08  Adept (Chrono Boost)  
  27  2:10  Assimilator  
  31  2:18  Adept (Chrono Boost)  
  31  2:26  Gateway  
  31  2:36  Adept  
  33  2:40  Shield Battery  
  33  2:45  Adept  
  35  2:53  Robotics Facility  
  35  2:59  Probe  
  36  3:11  Adept  
  36  3:20  Shield Battery  
  36  3:31  Pylon  
  36  3:32  Pylon  
  36  3:49  Immortal (Chrono Boost)  
  36  3:53  Adept, Sentry  
  44  3:59  Sentry  
  44  4:07  Shield Battery  
  44  4:16  Sentry  
  44  4:17  Adept  
  41  4:31  Adept  
  41  4:47  Adept x2  
  35  4:56  Nexus  
  29  5:05  Stargate  
  25  5:08  Probe (Chrono Boost)  
  26  5:21  Probe (Chrono Boost)  
  27  5:22  Adept  
  27  5:27  Shield Battery  
  29  5:28  Sentry  
  29  5:30  Probe (Chrono Boost)  
  32  5:38  Pylon  
  32  5:47  Gateway  
  32  5:52  Probe  
  33  5:58  Oracle (Chrono Boost)  
  36  6:04  Probe  
  37  6:15  Pylon  
  37  6:16  Probe  
  37  6:17  Probe  
  39  6:28  Probe (Chrono Boost)  
  45  6:33  Void Ray (Chrono Boost)  
  45  6:35  Probe (Chrono Boost)  
  46  6:40  Probe (Chrono Boost)  
  46  6:46  Probe x2 (Chrono Boost)  
  48  6:54  Probe  
  48  6:55  Probe  
  47  7:04  Pylon  
  47  7:07  Probe (Chrono Boost)  
  49  7:09  Probe (Chrono Boost)  
  49  7:19  Probe (Chrono Boost)  
  51  7:23  Probe (Chrono Boost)  
  51  7:24  Probe (Chrono Boost)  
  47  7:30  Probe  
  47  7:32  Assimilator  
  47  7:33  Assimilator  
  47  7:34  Stargate, Probe  
  49  7:38  Fleet Beacon  
  49  7:42  Probe  
  50  7:46  Probe  
  50  7:49  Adept, Nexus  
  53  7:51  Pylon  
  53  7:55  Probe  
  53  7:58  Probe  
  55  8:07  Probe  
  55  8:10  Probe  
  56  8:16  Nexus  
  56  8:18  Pylon  
  56  8:19  Tempest (Chrono Boost)  
  56  8:20  Tempest (Chrono Boost)  
  56  8:21  Probe  
  56  8:22  Probe  
  67  8:33  Forge  
  67  8:34  Probe x2  
  68  8:35  Pylon  
  68  8:37  Shield Battery  
  69  8:42  Adept  
  69  8:46  Probe x2  
  73  8:54  Robotics Facility  
  73  8:58  Probe  
  73  8:59  Probe  
  71  9:08  Zealot  
  71  9:09  Photon Cannon  
  73  9:10  Probe  
  73  9:12  Probe  
Show
View Real Time Build Order
Export as new Build Order

Reynor Zerg - Winner!

Build Orders: 3 Hatch before Pool 

Get SALT Encoding   

  12  0:00  Drone  
  13  0:12  Overlord  
  13  0:16  Drone  
  14  0:30  Drone x2  
  16  0:50  Hatchery  
  16  0:54  Drone  
  17  0:57  Drone  
  17  1:18  Hatchery  
  17  1:22  Drone  
  17  1:36  Spawning Pool  
  17  1:37  Drone  
  17  1:41  Drone  
  17  1:45  Drone  
  19  1:51  Extractor  
  19  1:52  Drone  
  19  2:00  Drone  
  20  2:01  Drone  
  21  2:12  Overlord  
  21  2:22  Queen x2  
  21  2:24  Zergling x2  
  21  2:27  Zergling x2  
  28  2:31  Zergling x2  
  28  2:33  Zergling x2  
  28  2:34  Drone  
  31  2:40  Spine Crawler  
  31  2:43  Zergling x2  
  31  2:44  Zergling x2  
  32  2:52  Metabolic Boost  
  32  2:53  Zergling x2  
  32  2:56  Zergling x2  
  34  2:59  Queen  
  36  3:10  Overlord  
  36  3:11  Overlord  
  35  3:21  Zergling x2  
  36  3:28  Zergling x6  
  36  3:29  Queen  
  36  3:30  Zergling x2  
  36  3:31  Zergling x4  
  44  3:34  Zergling x2  
  44  3:39  Zergling x6  
  48  3:45  Overlord  
  48  3:49  Zergling x2  
  49  3:55  Zergling x2  
  49  3:59  Zergling x2  
  51  4:08  Zergling x6  
  51  4:09  Overlord  
  54  4:13  Zergling x2  
  54  4:14  Queen  
  55  4:19  Zergling x2  
  53  4:24  Zergling x2  
  53  4:26  Queen  
  53  4:30  Zergling x2  
  55  4:33  Zergling x2  
  52  4:38  Zergling x4  
  52  4:41  Zergling x2  
  54  4:46  Zergling x2  
  54  4:50  Zergling x2  
  53  4:55  Zergling x2  
  50  5:00  Drone  
  50  5:06  Drone  
  49  5:11  Drone  
  50  5:14  Hatchery  
  50  5:16  Drone  
  50  5:21  Drone  
  50  5:23  Drone x3  
  53  5:29  Drone  
  53  5:32  Overlord  
  52  5:39  Drone x4  
  53  5:46  Drone  
  54  5:51  Drone  
  54  5:56  Queen  
  55  5:57  Drone  
  55  6:00  Drone x3  
  55  6:02  Drone  
  62  6:08  Overlord  
  62  6:09  Drone, Evolution Chamber  
  62  6:10  Drone x2  
  64  6:12  Drone  
  67  6:20  Drone  
  67  6:24  Drone  
  67  6:27  Drone  
  67  6:28  Drone x3  
  67  6:29  Spore Crawler  
  67  6:30  Drone  
  73  6:40  Spore Crawler, Zerg Melee Weapons Level 1  
  73  6:43  Drone x4  
  73  6:45  Drone x2  
  78  6:48  Spore Crawler  
  78  6:50  Drone x2  
  76  6:55  Drone  
  76  6:58  Drone x3  
  76  6:59  Drone  
  81  7:03  Extractor, Overlord  
  81  7:04  Drone  
  81  7:05  Extractor  
  78  7:10  Overlord  
  78  7:11  Drone x2  
  80  7:18  Lair  
  80  7:23  Drone, Hatchery  
  80  7:24  Drone x4  
  80  7:25  Drone  
  83  7:32  Roach Warren  
  83  7:34  Extractor  
  83  7:36  Drone x3  
  84  7:39  Drone x5  
  84  7:41  Extractor x2  
  87  7:46  Overlord  
  87  7:47  Queen  
  88  7:58  Baneling Nest  
  85  8:10  Zergling x14  
  91  8:14  Roach x5  
  91  8:16  Glial Reconstitution, Pneumatized Carapace  
  91  8:18  Overlord  
  101  8:20  Roach  
  101  8:21  Queen  
  104  8:28  Overseer, Spire  
  104  8:30  Zergling x6  
  104  8:31  Overlord  
  106  8:42  Zergling x18  
  106  8:46  Overlord  
  106  8:47  Queen  
  123  8:55  Roach x3  
  123  8:56  Roach x2  
  123  9:00  Zergling x4  
  123  9:01  Overlord  
  128  9:07  Overlord  
  128  9:13  Zergling x12  
  130  9:18  Drone x3  
  130  9:20  Drone  
  130  9:24  Overlord  
  132  9:25  Zergling x12  
Tags
 
Add a new tag
Caveats
  • Supply blocks, unpowered buildings, or Contaminate may cause inaccurate times.
  • Supply counts are checked every 10 seconds.